 Dungeon Crawl Stone Soup version 0.14-a0-1739-g6c2808e (webtiles) character file.

1553 M4edhros the Ducker (level 8, -1/31 HPs)
             Began as a Felid Air Elementalist on Jan 3, 2014.
             Was a Plaything of Xom.
             Killed from afar by M4edhros' ghost (6 damage)
             ... with a zap
             ... on Level 8 of the Dungeon.
             The game lasted 00:27:37 (9391 turns).

M4edhros the Ducker (Felid Air Elementalist)        Turns: 9391, Time: 00:27:37

HP  -1/31        AC  2     Str  4      XL: 8   Next:  6%
MP   8/21        EV 22     Int 20      God: Xom
Gold 489         SH  0     Dex 17      Spells:  4 memorised,  7 levels left
Lives: 0, deaths: 2

rFire  . . .     SeeInvis +     (weapon unavailable)
rCold  . . .     Clarity  .     (armour unavailable)
rNeg   . . .     Conserve .     (shield unavailable)
rPois  .         rCorr    .     (helmet unavailable)
rElec  .         rRot     .     (cloak unavailable)
SustAb + .       Spirit   .     (gloves unavailable)
rMut   .         Warding  .     (boots unavailable)
Saprov . . .     Stasis   .     (no amulet)
                                (no ring)
                                a - ring of sustain abilities

@: quick, somewhat resistant to hostile enchantments, very stealthy
A: paw claws, no armour, no advanced items, fangs 3, see invisible, carnivore 3,
clever 1, speed 1, shaggy fur 2, slow metabolism 1, jump 2
a: Jump Attack, Renounce Religion


You were on level 8 of the Dungeon.
You worshipped Xom.
You were a beloved toy of Xom.
You were not hungry.

You visited 2 branches of the dungeon, and saw 9 of its levels.

You collected 489 gold pieces.

Inventory:

Missiles
 d - 27 arrows
Comestibles
 c - 3 meat rations
Scrolls
 e - a scroll of remove curse
 h - 2 scrolls of random uselessness
 i - 4 scrolls of identify
 j - a scroll of enchant weapon II {unknown}
 l - a scroll of amnesia
 m - a scroll of fear {unknown}
 n - 2 scrolls of curse weapon {unknown}
 o - a scroll of teleportation
 r - a scroll of blinking {unknown}
Jewellery
 a - a ring of sustain abilities (left paw)
Potions
 g - a potion of restore abilities
 k - a potion of curing
 p - a potion of cure mutation
 q - a potion of brilliance
Books
 b - a book of Air

   Spells                             Type                      Level
   *Shock                             Conjuration/Air              1
   *Swiftness                         Charms/Air                   2
   *Repel Missiles                    Charms/Air                   2
   Flight                             Charms/Air                   3
   *Static Discharge                  Conjuration/Air              3
   Lightning Bolt                     Conjuration/Air              5
 f - a book of Conjurations

   Spells                             Type                      Level
   Magic Dart                         Conjuration                  1
   Searing Ray                        Conjuration                  2
   Dazzling Spray                     Conjuration/Hexes            3
   Iskenderun's Mystic Blast          Conjuration                  4
   Iskenderun's Battlesphere          Conjuration/Charms           4
   Fulminant Prism                    Conjuration/Hexes            5


   Skills:
 + Level 7.1 Dodging
 - Level 6.1 Stealth
 - Level 4.1 Spellcasting
 * Level 5.7 Conjurations
 * Level 5.5 Charms
 - Level 4.4 Air Magic


You had 7 spell levels left.
You knew the following spells:

 Your Spells              Type           Power        Failure   Level  Hunger
a - Shock                 Conj/Air       ###.         1%          1    None
b - Repel Missiles        Chrm/Air       ###.......   2%          2    #......
c - Swiftness             Chrm/Air       ###.....     2%          2    #......
d - Static Discharge      Conj/Air       ###.....     6%          3    ###....


Dungeon Overview and Level Annotations

Branches:
Dungeon (8/16)             Temple (1/1) D:4
   Lair: D:8-11

Altars:
Ashenzari
Cheibriados
Fedhas
Kikubaaqudgha
Makhleb
Nemelex Xobeh
Okawaru
Trog
Vehumet
Xom
Yredelemnul
Zin
the Shining One

Annotations:
D:4 Menkaure
D:8 M4edhros' ghost, experienced FeAE


Innate Abilities, Weirdness & Mutations

You cannot wear armour.
You are incapable of any advanced item manipulation.
Your paws have sharp claws.
You have razor-sharp teeth.
You have supernaturally acute eyesight.
You are carnivorous and can eat meat at any time.
You cover ground quickly.
You are covered in thick fur (AC +2).
You have a slow metabolism.
You can jump attack at a medium distance.
Your mind is acute. (Int +2)


Message History

The zap hits M4edhros' ghost.
M4edhros' ghost completely resists.
M4edhros' ghost is lightly damaged.
M4edhros' ghost seems less confused.
M4edhros' ghost casts a spell.
M4edhros' ghost seems to move somewhat quicker.
M4edhros' ghost gestures at you while chanting.
The zap hits you!
* * * LOW HITPOINT WARNING * * *
You see here a scroll labeled HUR SAALIC.
You see here a scroll labeled HUR SAALIC.
r - a scroll labeled HUR SAALIC M4edhros' ghost casts a spell at you.
The zap misses you. M4edhros' ghost casts a spell at you. The zap hits you!
* * * LOW HITPOINT WARNING * * *
M4edhros' ghost casts a spell at you. The zap hits you!
You die...
Xom laughs nastily!

### #.# #.##########
............ ######
#.########.#
......#######.#### #.#.#
...............#..###.#.#
........@...p............
.##......................
#.#..##.........###....
#.. ######.#..#...... ...
#.#..#.#.#.# #.#. #
###..#)#.#.# ..
#%#.#........... #
..'...........
###....#.#.#.#


You could see M4edhros' ghost.

Vanquished Creatures
  A spriggan (D:8)
  The ghost of M4edhros the Sneak, an average FeAE (D:6)
  2 orc warriors (D:7)
  A sky beast (D:7)
  A phantom (D:8)
  2 centaurs
  2 ogres (D:7)
  A giant frog (D:6)
  2 crimson imps
  4 hounds
  A goliath beetle (D:8)
  A jelly (D:7)
  2 iguanas (D:7)
  3 orc wizards (D:7)
  A scorpion (D:5)
  4 worker ants
  Terence (D:2)
  7 adders
  3 gnolls (D:6)
  2 inept feature mimics
  3 worms
  2 scorpion zombies
  A giant eyeball (D:4)
  3 giant geckos
  3 oozes
  24 orcs
  15 bats
  8 giant cockroaches
  9 hobgoblins
  A jackal (D:4)
  15 kobolds
  2 quokkas
  2 ball pythons
  2 giant newts (D:1)
  9 goblins
  A goblin skeleton (D:3)
  A hobgoblin skeleton (D:4)
  13 rats
  A rat zombie (D:3)
157 creatures vanquished.

Vanquished Creatures (collateral kills)
  A gnoll sergeant (D:6)
  3 crimson imps (D:6)
  A giant eyeball (D:6)
5 creatures vanquished.

Vanquished Creatures (others)
  A killer bee (D:6)
  A quasit (D:4)
2 creatures vanquished.

Grand Total: 164 creatures vanquished

Notes
Turn   | Place    | Note
--------------------------------------------------------------
     0 | D:1      | M4edhros, the Felid Air Elementalist, began the quest for the Orb.
     0 | D:1      | Reached XP level 1. HP: 7/7 MP: 4/4
    35 | D:1      | Reached skill level 1 in Conjurations
    39 | D:1      | Reached skill level 3 in Stealth
   264 | D:1      | Reached XP level 2. HP: 11/11 MP: 0/5
   811 | D:2      | Reached XP level 3. HP: 7/14 MP: 0/8
  1743 | D:2      | Reached XP level 4. HP: 18/18 MP: 5/11
  1781 | D:2      | Noticed Terence
  1945 | D:2      | Killed Terence
  2051 | D:2      | Reached skill level 4 in Stealth
  3027 | D:3      | Gained mutation: You can spit poison. [potion of beneficial mutation]
  3029 | D:3      | Paralysed by a potion of paralysis for 6 turns
  3213 | D:3      | Reached XP level 5. HP: 15/21 MP: 1/12
  3438 | D:4      | Found a sparkling altar of Nemelex Xobeh.
  3482 | D:4      | Noticed Menkaure
  3657 | D:4      | Learned a level 2 spell: Repel Missiles
  3660 | D:4      | Learned a level 2 spell: Swiftness
  3664 | D:4      | Learned a level 3 spell: Static Discharge
  3736 | D:4      | Found a staircase to the Ecumenical Temple.
  3809 | Temple   | Entered the Ecumenical Temple
  3900 | Temple   | Became a worshipper of Xom of Chaos
  3965 | D:4      | XOM: harmless Hex miscast
  3973 | D:4      | XOM: silly message
  3985 | D:4      | XOM: silly message
  4069 | D:4      | XOM: silly message
  4132 | D:4      | XOM: harmless Divn miscast
  4533 | D:3      | XOM: give mutations
  4533 | D:3      | Gained mutation: You can translocate small distances at will. [Xom's grace]
  4533 | D:3      | Gained mutation: You are partially covered in iridescent scales (AC +4). [Xom's grace]
  4702 | D:4      | Paralysed by a giant eyeball for 4 turns
  4794 | D:4      | XOM: vitrification
  4808 | D:4      | XOM: summons friendly quasit
  5079 | D:4      | Reached skill level 5 in Stealth
  5224 | D:4      | Gained mutation: You are covered in thick fur (AC +2). [growing up]
  5224 | D:4      | Gained mutation: You can jump attack at a medium distance. [growing up]
  5224 | D:4      | Reached XP level 6. HP: 21/24 MP: 10/16
  5277 | D:3      | XOM: vitrification
  5491 | D:4      | XOM: god gift: 8 poisoned darts
  5534 | D:5      | Entered Level 5 of the Dungeon
  5593 | D:5      | XOM: god gift: 59 gold pieces
  5715 | D:5      | HP: 1/36 [poisoned by a kobold]
  5859 | D:5      | XOM: 10-stop teleportation journey
  5976 | D:5      | XOM: mild Ice miscast
  5978 | D:5      | XOM: god gift: scale mail {god gift}
  6057 | D:5      | XOM: god gift: gold wand {god gift}
  6188 | D:6      | Noticed M4edhros' ghost (average FeAE)
  6188 | D:6      | XOM: potion effect (berserk)
  6199 | D:6      | XOM: god gift: scroll of teleportation
  6202 | D:6      | Killed M4edhros' ghost
  6249 | D:6      | XOM: enchant monster (bad)
  6389 | D:6      | Reached XP level 7. HP: 27/27 MP: 14/19
  6391 | D:6      | XOM: enchant monster (good)
  6408 | D:6      | XOM: vitrification
  6410 | D:6      | XOM: cast spell 'Summon Swarm'
  6419 | D:6      | Reached skill level 5 in Dodging
  6565 | D:6      | XOM: inner flame monster(s)
  7001 | D:7      | Reached skill level 6 in Stealth
  7041 | D:7      | XOM: god gift: potion of curing
  7397 | D:7      | XOM: scenery: 1 doors open
  7459 | D:7      | XOM: summons 3 hostile demons
  7467 | D:7      | Lost mutation: You can spit poison. [potion of cure mutation]
  7467 | D:7      | Lost mutation: You can translocate small distances at will. [potion of cure mutation]
  7467 | D:7      | Lost mutation: You are partially covered in iridescent scales (AC +4). [potion of cure mutation]
  7622 | D:7      | XOM: harmless Chrm miscast
  7653 | D:7      | Reached skill level 1 in Charms
  7655 | D:7      | XOM: mild Fire miscast
  7669 | D:7      | XOM: enchant monster (bad)
  7783 | D:6      | XOM: give mutation
  7783 | D:6      | Gained mutation: Your mind is acute. (Int +2) [Xom's mischief]
  7801 | D:6      | XOM: summons 5 hostile shadow creatures
  7894 | D:8      | XOM: mild Erth miscast
  8141 | D:7      | XOM: colour smoke trail
  8169 | D:7      | XOM: harmless Tloc miscast
  8251 | D:7      | XOM: confusion (+ monsters)
  8253 | D:7      | Reached XP level 8. HP: 31/31 MP: 9/21
  8264 | D:7      | Killed from afar by an orc wizard
  8265 | D:7      | Reached XP level 7. HP: 0/27 MP: 4/20
  8427 | D:7      | Slain by an orc warrior
  8428 | D:7      | Reached XP level 6. HP: 0/24 MP: 15/18
  8462 | D:7      | XOM: noise
  8503 | D:7      | XOM: enchant monster (bad)
  8806 | D:8      | Noticed a shadow
  8814 | D:8      | XOM: 1-stop teleportation journey
  8835 | D:8      | Reached XP level 7. HP: 15/27 MP: 7/20
  9005 | D:8      | XOM: harmless Divn miscast
  9058 | D:8      | XOM: 1-stop teleportation journey
  9078 | D:8      | XOM: harmless Necr miscast
  9088 | D:8      | Noticed M4edhros' ghost (experienced FeAE)
  9093 | D:8      | XOM: enchant monster (good)
  9118 | D:7      | Reached skill level 5 in Conjurations
  9175 | D:7      | XOM: enchant monster (bad)
  9181 | D:7      | XOM: confuse monster(s)
  9185 | D:7      | XOM: summons 6 friendly demons
  9263 | D:8      | XOM: god gift: 15 darts of frost
  9309 | D:8      | Noticed a spriggan baker
  9315 | D:8      | Killed a spriggan baker
  9315 | D:8      | Reached skill level 7 in Dodging
  9315 | D:8      | Reached skill level 5 in Charms
  9326 | D:8      | Reached XP level 8. HP: 10/31 MP: 2/21
  9337 | D:8      | XOM: confuse monster(s)
  9391 | D:8      | Killed from afar by M4edhros' ghost

Action                   |  1- 3 |  4- 6 |  7- 9 || total
-------------------------+-------+-------+-------++-------
Melee: Unarmed           |    52 |    71 |    31 ||   154
 Cast: Shock             |    64 |   287 |   204 ||   555
       Static Discharge  |       |       |     6 ||     6
       Repel Missiles    |       |       |     5 ||     5
       Swiftness         |       |       |     3 ||     3
 Abil: Jump Attack       |       |       |     1 ||     1
  Use: Potion            |     3 |     8 |     7 ||    18
       Scroll            |       |     8 |     1 ||     9
 Stab: Sleeping          |       |     1 |       ||     1
       Confused          |       |       |     2 ||     2
